 Dungeon Crawl Stone Soup version 0.16-a0-1276-g18860b1 (webtiles) character file.

8672 PolkaDot the Transmogrifier (level 11, 0/123 HPs)
             Began as a Grey Draconian Transmuter on Oct 14, 2014.
             Was an Elder of Fedhas.
             Slain by a komodo dragon (20 damage)
             ... on level 1 of the Lair of Beasts.
             The game lasted 00:59:06 (13729 turns).

PolkaDot the Transmogrifier (DrTm)                 Turns: 13729, Time: 00:59:06

Health: 0/123      AC: 16    Str: 18    XL:     11   Next: 13%
Magic:  15/23      EV: 12    Int: 17    God:    Fedhas [****..]
Gold:   656        SH:  0    Dex: 13    Spells: 3 memorised, 2 levels left

rFire  . . .     SeeInvis .       - Unarmed
rCold  . . .     Clarity  .     (armour unavailable)
rNeg   + . .     SustAb   .     (shield currently unavailable)
rPois  .         Gourm    .     (helmet restricted)
rElec  .         Spirit   .     (no cloak)
rCorr  .         Warding  +     (gloves currently unavailable)
rMut   .         Stasis   .     y - +3 pair of boots of Responsibility {Int+2}
MR     .....                    m - cursed amulet of warding
Stlth  ..........               (no ring)
                                (no ring)

@: berserking, blade hands, very slightly contaminated, very quick, not
resistant to hostile enchantments, extremely unstealthy
A: walk through water, unfitting armour, unbreathing, cold-blooded, AC +12
a: End Transformation, Evolution, Sunlight, Growth, Reproduction, Renounce
Religion


You were on level 1 of the Lair of Beasts.
You worshipped Fedhas.
Fedhas was greatly pleased with you.
You were not hungry.
You had blades for hands.
You visited 3 branches of the dungeon, and saw 11 of its levels.
You also visited: Ossuary.

You collected 846 gold pieces.
You spent 190 gold pieces at shops.

Inventory:

Missiles
 b - 218 arrows
 j - 10 arrows of flame
 C - 13 arrows of dispersal
Armour
 y - the cursed +3 pair of boots of Responsibility (worn) {Int+2}
   (You bought it in a shop on level 7 of the Dungeon)

   It affects your intelligence (+2).
   It has a curse placed upon it.
Jewellery
 m - a cursed amulet of warding (around neck)
Magical devices
 h - a wand of draining (0)
 k - a wand of polymorph (8)
 p - a wand of confusion (30)
 x - a wand of polymorph (11)
 H - a wand of enslavement (15)
 M - a wand of digging (9)
 O - a wand of random effects (28)
Scrolls
 c - 3 scrolls of remove curse
 d - a scroll of magic mapping
 e - 3 scrolls of recharging
 l - 2 scrolls of fear
 n - 3 scrolls of fog {unknown}
 D - a scroll of immolation {unknown}
 G - 2 scrolls of amnesia {unknown}
 J - a scroll of vulnerability {unknown}
 K - 2 scrolls of identify
 L - a scroll of noise {unknown}
Potions
 g - 2 potions of brilliance
 i - 2 potions of mutation {!q}
 s - a potion of cancellation
 t - a potion of restore abilities
 v - 3 potions of agility
 w - a potion of resistance
 z - a potion of berserk rage
 A - a potion of might
 E - 2 potions of invisibility {unknown}
 F - a potion of curing
 N - a potion of poison {unknown}
Books
 q - a book of Wizardry

   Spells                             Type                      Level
   Agony                              Necromancy                   5
   Force Lance                        Conjuration                  5
   Dispersal                          Translocation                6
   Haste                              Charms                       6
   Invisibility                       Hexes                        6
   Spellforged Servitor               Conjuration/Summoning        7
 r - a book of Beasts

   Spells                             Type                      Level
   Summon Butterflies                 Summoning                    1
   Call Canine Familiar               Summoning                    3
   Summon Ice Beast                   Ice/Summoning                4
   Summon Mana Viper                  Hexes/Summoning              5
   Monstrous Menagerie                Summoning                    6
   Summon Hydra                       Summoning                    7
 u - a book of Transfigurations

   Spells                             Type                      Level
   Stoneskin                          Transmutation/Earth          2
   Irradiate                          Conjuration/Transmutation    5
   Statue Form                        Transmutation/Earth          6
   *Hydra Form                        Transmutation                6
   Dragon Form                        Transmutation                7
 I - a book of Annihilations {highlevel, unknown}

   This book is beyond your current level of understanding.

   Spells                             Type                      Level
   Poison Arrow                       Conjuration/Poison           6
   Chain Lightning                    Conjuration/Air              8
   Lehudib's Crystal Spear            Conjuration/Earth            8
   Glaciate                           Conjuration/Ice              9
   Fire Storm                         Conjuration/Fire             9
Comestibles
 a - 6 bread rations
 f - a beef jerky
 o - 10 royal jellies
 B - 2 meat rations
 P - a slice of pizza


   Skills:
 - Level 3.4 Fighting
 - Level 1.7 Dodging
 + Level 9.6 Unarmed Combat
 - Level 2.0 Spellcasting
 * Level 12.0 Transmutations
 + Level 8.7 Invocations


You had 2 spell levels left.
You knew the following spells:

 Your Spells              Type           Power        Failure   Level  Hunger
a - Beastly Appendage     Trmt           #####.       8%          1    #......
b - Blade Hands           Trmt           #####.....   32%         5    ######.
h - Hydra Form            Trmt           #####.....   63%         6    #######


Dungeon Overview and Level Annotations

Branches:
Dungeon (9/15)             Temple (1/1) D:4             Orc (0/4) D:9
   Lair (1/8) D:9

Altars:
Ashenzari
Cheibriados
Dithmenos
Elyvilon
Fedhas
Gozag
Kikubaaqudgha
Makhleb
Nemelex Xobeh
Okawaru
Qazlal
Ru
Sif Muna
Trog
Vehumet
Xom
Yredelemnul
Zin
The Shining One

Shops:
D:7 [   D:8 =   D:9 (


Innate Abilities, Weirdness & Mutations

You can walk through water.
Your dull iron-grey scales are very hard (AC +12).
Your body does not fit into most forms of armour.
You can survive without breathing.
Your cold-blooded metabolism reacts poorly to cold.


Message History

* * * LOW HITPOINT WARNING * * *
You swap places.
The komodo dragon bites your wandering mushroom!!
Your wandering mushroom releases spores at the komodo dragon.
The komodo dragon is engulfed in a cloud of spores!
The komodo dragon bites your wandering mushroom!!
Your wandering mushroom is destroyed!
You feel a little guilty.
Your wandering mushroom misses the komodo dragon.
Your wandering mushroom releases spores at the komodo dragon!
The komodo dragon is engulfed in a cloud of spores!
Drink which item? (? for menu, Esc to quit)
A red film seems to cover your vision as you go berserk!
You feel yourself moving faster!
You feel mighty!
Your wandering mushroom releases spores at the komodo dragon but does no damage.
You slice the komodo dragon!!
The komodo dragon is almost dead.
The komodo dragon bites you!!
You die...
Fedhas appreciates your contribution to the ecosystem.

#..............P##P##.#...
..........................
P.........................
. .....................>.
##.##.#.................
.#.......P...............
#.P.......#...............
#.........#.....########..
.........@......#########.
.#......lPf....++.....++.
#.....f.#.....##......#.
#.+.......#.....##.....##.
#.........#.....##.....##.
#...##%##.......##.....##.
#...#.. ##......###.#####.
#>?.##. #.......###f#####.
#....####........f.f......


You could see a komodo dragon and 2 friendly wandering mushrooms.

Vanquished Creatures
  A black mamba (Lair:1)
  Joseph (D:8)
  A komodo dragon (Lair:1)
  A basilisk (Lair:1)
  6 yaks (D:9)
  2 steam dragons (D:7)
  3 hippogriffs
  8 porcupines
  3 wolves (Lair:1)
  A water moccasin (Lair:1)
  An ice beast (D:6)
  2 phantoms
  2 black bears (D:8)
  A sky beast (D:7)
  An ogre (D:5)
  4 orc warriors
  5 centaurs
  A crocodile (D:9)
  5 giant frogs
  5 scorpions
  A water moccasin skeleton (D:4)
  5 wights (D:7)
  3 goliath beetles
  3 crimson imps
  A giant frog zombie (D:5)
  8 hounds
  4 jellies
  5 orc priests
  7 worker ants
  2 black bear skeletons (D:8)
  A gnoll shaman (D:5)
  Natasha (D:4)
  6 orc wizards
  5 iguanas
  A big kobold zombie (Ossuary)
  Ijyb (D:4)
  Jessica (D:3)
  A hound skeleton (D:7)
  A hound zombie (D:5)
  8 mummies (Ossuary)
  15 adders
  23 green rats
  3 orc zombies
  2 orc skeletons
  2 giant mites
  2 shadow imps
  3 worms
  An adder skeleton (D:4)
  8 giant geckos
  7 oozes
  21 orcs
  9 bats
  5 giant cockroaches
  A gnoll zombie (Ossuary)
  14 goblins
  16 hobgoblins
  7 jackals
  6 quokkas
  A ball python (D:6)
  2 giant newts
  A hobgoblin skeleton (D:6)
  A hobgoblin zombie (Ossuary)
  13 kobolds
  A kobold skeleton (D:6)
  3 kobold zombies (Ossuary)
  16 rats
302 creatures vanquished.

Vanquished Creatures (collateral kills)
  A spiny frog (Lair:1)
  A two-headed ogre (D:9)
  A phantom (D:9)
  2 orc warriors (D:9)
  A goliath beetle (D:9)
  An orc priest (D:9)
  2 orc wizards (D:9)
  An adder (D:8)
  9 orcs
19 creatures vanquished.

Vanquished Creatures (others)
  2 wandering mushrooms
  A kobold (D:4)
  A giant newt (D:6)
  2 fungi (D:9)
  A plant (D:9)
  108 toadstools
115 creatures vanquished.

Grand Total: 436 creatures vanquished

Notes
Turn   | Place    | Note
--------------------------------------------------------------
     0 | D:1      | PolkaDot, the Draconian Transmuter, began the quest for the Orb.
     0 | D:1      | Reached XP level 1. HP: 16/16 MP: 3/3
   310 | D:1      | Reached XP level 2. HP: 7/23 MP: 2/4
  1375 | D:2      | Reached XP level 3. HP: 29/29 MP: 4/6
  1935 | D:2      | Reached skill level 4 in Unarmed Combat
  2423 | D:2      | Reached XP level 4. HP: 11/36 MP: 5/7
  3296 | D:3      | Noticed Jessica
  3302 | D:3      | Killed Jessica
  3365 | D:3      | Reached XP level 5. HP: 20/42 MP: 7/9
  3404 | D:3      | Learned a level 5 spell: Blade Hands
  4246 | D:4      | Noticed Ijyb
  4479 | D:4      | Killed Ijyb
  4555 | D:4      | Reached XP level 6. HP: 12/51 MP: 8/10
  4972 | D:4      | Reached skill level 5 in Unarmed Combat
  5224 | D:4      | Reached skill level 5 in Transmutations
  5232 | D:4      | Found a staircase to the Ecumenical Temple.
  5397 | Temple   | Entered the Ecumenical Temple
  5672 | Temple   | Became a worshipper of Fedhas Madash
  5964 | D:4      | Noticed Natasha
  5980 | D:4      | Killed Natasha
  6184 | D:5      | Entered Level 5 of the Dungeon
  6226 | D:5      | Reached skill level 1 in Invocations
  6226 | D:5      | Your scales start taking on a dull iron-grey colour.
  6226 | D:5      | Gained mutation: You can survive without breathing. [draconian maturity]
  6226 | D:5      | Reached XP level 7. HP: 54/57 MP: 12/12
  6612 | D:5      | Reached skill level 6 in Transmutations
  7017 | D:5      | Found a bloodstained altar of Trog.
  7026 | D:5      | Acquired Fedhas' first power
  7215 | D:6      | Reached XP level 8. HP: 55/63 MP: 11/13
  7380 | D:6      | Reached skill level 7 in Transmutations
  7966 | D:6      | Reached skill level 8 in Transmutations
  8067 | D:6      | Found a radiant altar of Vehumet.
  8113 | D:6      | Acquired Fedhas' second power
  8151 | D:7      | Reached XP level 9. HP: 40/70 MP: 12/16
  8198 | D:7      | Found Rodassul's Antique Armour Shoppe.
  8209 | D:7      | Reached skill level 5 in Invocations
  8214 | D:7      | Bought a pair of ancient boots for 190 gold pieces
  8220 | D:7      | Identified the +3 pair of boots of Responsibility {Int+2} (You bought it in a shop on level 7 of the Dungeon)
  8609 | D:7      | Reached skill level 9 in Transmutations
  9261 | D:8      | Found a sand-covered staircase.
  9274 | Ossuary  | Entered an ossuary
  9592 | Ossuary  | Learned a level 6 spell: Hydra Form
  9620 | D:8      | Found Blas' Jewellery Shoppe.
  9620 | D:8      | Noticed Joseph
  9638 | D:8      | Killed Joseph
 10068 | D:8      | Found a snail-covered altar of Cheibriados.
 10150 | D:8      | Reached skill level 10 in Transmutations
 10670 | D:8      | Reached XP level 10. HP: 73/77 MP: 20/20
 10944 | D:9      | Reached skill level 11 in Transmutations
 10967 | D:9      | Found a staircase to the Lair.
 11047 | D:9      | Acquired Fedhas' third power
 11465 | D:9      | Found a staircase to the Orcish Mines.
 11482 | D:9      | Found Xiecwowe's Weapon Shop.
 12216 | D:9      | Found a deep blue altar of Sif Muna.
 12417 | Lair:1   | Entered Level 1 of the Lair of Beasts
 13280 | Lair:1   | Reached XP level 11. HP: 72/82 MP: 16/23
 13337 | Lair:1   | Noticed a black mamba
 13342 | Lair:1   | Killed a black mamba
 13344 | Lair:1   | Acquired Fedhas' fourth power
 13496 | Lair:1   | Reached skill level 12 in Transmutations
 13729 | Lair:1   | Slain by a komodo dragon

Action                   |  1- 3 |  4- 6 |  7- 9 | 10-12 || total
-------------------------+-------+-------+-------+-------++-------
Melee: Unarmed           |   209 |   259 |   538 |   306 ||  1312
 Cast: Beastly Appendage |    22 |    23 |    27 |    15 ||    87
       Blade Hands       |       |       |    11 |    14 ||    25
       Hydra Form        |       |       |       |     7 ||     7
Invok: Evolution         |       |       |     5 |     1 ||     6
Evoke: Wand              |       |     3 |     6 |       ||     9
  Use: Potion            |       |     6 |     5 |     1 ||    12
       Scroll            |       |     4 |    12 |       ||    16
 Stab: Confused          |       |     2 |     4 |       ||     6
       Sleeping          |       |       |     3 |       ||     3
       Distracted        |       |       |     2 |       ||     2
  Eat: Chunk             |     5 |     6 |     1 |     3 ||    15
       Bread ration      |       |     1 |     2 |     1 ||     4
       Meat ration       |       |     1 |     1 |       ||     2
       Pizza             |       |       |     1 |       ||     1
